 Dungeon Crawl Stone Soup version 0.31.0-9-g3a7656b989 (webtiles) character file.

Game seed: 8005528499508233093

7964 qw the Nimble (level 11, -3/56 HPs)
             Began as a Spriggan Hunter on Feb 3, 2024.
             Was a Believer of Okawaru.
             Engulfed by an ice statue's freezing vapour (10 damage)
             ... on level 10 of the Dungeon.
             The game lasted 00:03:05 (8211 turns).

qw the Nimble (Spriggan Hunter)                     Turns: 8211, Time: 00:03:06

Health: -3/56      AC: 12    Str:  7    XL:     11   Next: 3%
Magic:  14/15      EV: 36    Int: 11    God:    Okawaru [**....]
Gold:   70         SH:  5    Dex: 23    Spells: 10/10 levels left

rFire   . . .        o - +0 arbalest
rCold   . . .        (shield currently unavailable)
rNeg    . . .        l - +0 steam dragon scales
rPois   +            (helmet restricted)
rElec   .            b - +1 cloak {rPois}
rCorr   .            (gloves unavailable)
SInv    +            (boots unavailable)
Will    ++...        i - amulet of reflection
Stlth   ++++         j - +4 ring of protection
HPRegen 0.29/turn    d - ring of willpower
MPRegen 0.14/turn

%: reflection
@: about to teleport, heroic, very quick
A: very small, no large weapons, unfitting armour, see invisible, speed 3
a: Renounce Religion, Heroism


You were on level 10 of the Dungeon.
You worshipped Okawaru.
Okawaru was pleased with you.
You visited 2 branches of the dungeon, and saw 11 of its levels.
You also visited: Sewer.

You collected 523 gold pieces.
You spent 453 gold pieces at shops.


Innate Abilities, Weirdness & Mutations

You are very small and have problems with some larger weapons.
You are too small for most types of armour.
You have supernaturally acute eyesight. (SInv)
You cover ground extremely quickly. (Speed+++)


   Skills:
 - Level 5.6(10.6) Fighting
 + Level 12.1(17.1) Ranged Weapons
 - Level 1.0(6.0) Armour
 - Level 13.1(18.1) Dodging
 - Level 1.5(6.5) Stealth
 - Level 4.0 Invocations


You had 10 spell levels left.
You didn't know any spells.
Your spell library was empty.

Inventory:

Hand Weapons
 o - a +0 arbalest (weapon)
Armour
 b - a +1 cloak of poison resistance (worn)
 c - the +5 robe of Misfortune {Harm *Corrode *Slow EV+5}
   (You found it on level 3 of the Dungeon)

   EV+5:      It affects your evasion (+5).
   *Corrode:  It may corrode you when you take damage.
   *Slow:     It may slow you when you take damage.
   Harm:      It increases damage dealt and taken.
 l - +0 steam dragon scales (worn)
 p - a +2 cloak of preservation
Jewellery
 d - a ring of willpower (right hand)
 i - an amulet of reflection (around neck)
 j - a +4 ring of protection (left hand)
Wands
 a - a wand of iceblast (4)
 h - a wand of polymorph (24)
 m - a wand of charming (20)
Scrolls
 k - 4 scrolls of identify
Potions
 e - 2 potions of heal wounds
 f - 8 potions of curing
 g - 2 potions of mutation
 n - 2 potions of resistance
 q - 4 potions of might

Dungeon Overview and Level Annotations

Branches:
Dungeon (10/15)            Temple (1/1) D:6           Sewer (visited)
   Lair: D:8-11         Orc: D:9-12

Altars:
Ashenzari
Cheibriados
Dithmenos
Elyvilon
Fedhas
Gozag
Hepliaklqana
Kikubaaqudgha
Makhleb
Nemelex Xobeh
Okawaru
Qazlal
Ru
Sif Muna
Trog
Uskayaw
Vehumet
Wu Jian
Xom
Yredelemnul
Zin
The Shining One

Shops:
D:4 **(   D:6 *   D:9 [

Annotations:
D:8 2 runed translucent doors, qw's ghost, novice DjHu
D:10 exclusion: ice statue


Message History

Enter note:
Enter note:
Enter note:
Enter note:
Enter note:
Enter note:
Enter note:
Enter note:
Enter note:
Enter note:
Enter note:
Enter note:
Enter note:
Enter note:
Enter note:
Enter note:
Enter note:
Enter note:
Enter note:
Enter note:
Enter note:
Enter note:
Enter note:
Enter note:
Enter note:
Enter note:
Enter note:
Enter note:
Enter note:
Enter note:
Enter note:
Enter note:
Enter note:
Enter note: You are engulfed in freezing vapours.
8211 ||| READING scroll of teleportation.
As you read the scroll of teleportation, it crumbles to dust.
You feel strangely unstable.
You are engulfed in freezing vapours.
You die...

#.....#...#...#..#..#
...#$...............#
..#................#
#..................# ##
#....................
...###.$...............#
....................####
.#8/8#............###
#8...8#@00#........#
8..!..800.#.......#..
..(8?000#0###...#.#..
8..".Y8.0.# #..##...
#8..?8#..## #..# ..
.#8#8#..## .. ..... .##
##### #


You could see an ice statue and an ice beast (summoned).

Vanquished Creatures
  Erica (D:9)
  Pikel (D:6)
  Maggie (D:9)
  Psyche (D:9)
  A wraith (D:10)
  2 wyverns
  8 yaks
  Eustachio (D:5)
  A steam dragon (D:9)
  Grum (D:9)
  An acid dragon (D:10)
  6 water moccasins
  An ice beast (D:5)
  3 orc warriors
  A black bear (D:5)
  3 ogres
  4 wolves (D:9)
  4 centaurs
  A phantom (D:6)
  A lemure (D:6)
  5 bullfrogs
  2 kobold brigands
  2 gnoll sergeants
  A scorpion (D:5)
  11 wights
  A lava snake (D:8)
  6 hounds
  A jelly (D:7)
  3 orc priests
  A gnoll bouda (D:9)
  Ijyb (D:3)
  Natasha (twice) (D:3)
  Terence (D:2)
  10 orc wizards
  A sleepcap (D:5)
  An iguana (D:4)
  A hell rat (Sewer)
  Robin (D:2)
  10 gnolls
  7 adders
  A river rat (Sewer)
  A shadow imp (D:7)
  3 white imps
  2 ufetubi (D:6)
  4 ribbon worms
  23 orcs
  6 ball pythons
  2 endoplasms
  6 giant cockroaches
  13 goblins
  5 hobgoblins
  9 jackals
  2 quokkas
  5 bats
  A frilled lizard (D:2)
  17 kobolds
  10 rats
221 creatures vanquished.

Vanquished Creatures (others)
  A kobold (D:10)
1 creature vanquished.

Grand Total: 222 creatures vanquished

Notes
Turn   | Place    | Note
-------+----------+-------------------------------------------
     0 | D:1      | qw the Spriggan Hunter began the quest for the Orb.
     0 | D:1      | Reached XP level 1. HP: 10/10 MP: 2/2
     0 | D:1      | 0 ||| qw: Version: 0.3-a-155-g5e7d8dd
     0 | D:1      | 0 ||| qw: Game counter: 2952
     0 | D:1      | 0 ||| qw: Melee chars always use a shield: true
     0 | D:1      | 0 ||| qw: God list: Okawaru
     0 | D:1      | 0 ||| qw: Allow faded altars: false
     0 | D:1      | 0 ||| qw: Do Orc after clearing Dungeon:15 true
     0 | D:1      | 0 ||| qw: Do second Lair branch before Depths: true
     0 | D:1      | 0 ||| qw: Lair rune preference: random
     0 | D:1      | 0 ||| qw: Goals: Normal
     0 | D:1      | 0 ||| PLANNING D:1-11
   109 | D:1      | Reached skill level 3 in Dodging
   205 | D:1      | Found a faded altar of an unknown god.
   372 | D:1      | Reached XP level 2. HP: 14/14 MP: 3/3
   632 | D:1      | 632 ||| UPGRADING to +4 ring of protection.
   633 | D:1      | 633 ||| READING 2 scrolls labelled SUENAN DEDE.
   634 | D:1      | 634 ||| READING scroll labelled ANWEENW DOBAU.
   735 | D:1      | 735 ||| READING scroll labelled AFINET OWAPI.
   735 | D:1      | 735 ||| ENCHANTING +0 shortbow.
   736 | D:1      | 736 ||| READING 2 scrolls labelled ZIT RURUTSABU.
   736 | D:1      | 736 ||| IDENTIFYING metallic green potion
   737 | D:1      | 737 ||| READING scroll of identify.
   737 | D:1      | 737 ||| IDENTIFYING bubbling emerald potion
   738 | D:1      | 738 ||| READING scroll labelled POYTAT APOPH.
   738 | D:1      | 738 ||| BRANDING +1 shortbow.
   739 | D:1      | 739 ||| READING scroll labelled FORPHO CETOA.
   740 | D:1      | 740 ||| DROPPING scroll of butterflies.
   741 | D:1      | 741 ||| DROPPING scroll of amnesia.
   742 | D:1      | 742 ||| DROPPING potion of lignification.
   782 | D:2      | Reached skill level 4 in Dodging
   821 | D:2      | Reached XP level 3. HP: 18/18 MP: 4/4
   873 | D:2      | Noticed Robin
   878 | D:2      | Killed Robin
   938 | D:2      | Reached XP level 4. HP: 22/22 MP: 5/5
   976 | D:2      | Noticed Terence
   987 | D:2      | Killed Terence
  1451 | D:2      | 1451 ||| UPGRADING to +1 animal skin.
  1461 | D:2      | 1461 ||| DROPPING +0 robe.
  1462 | D:2      | 1462 ||| DROPPING +6 ring of intelligence.
  1463 | D:2      | 1463 ||| DRINKING 2 golden potions.
  1492 | D:3      | Found the +5 robe of Misfortune {Harm *Corrode *Slow EV+5}
  1500 | D:3      | Reached skill level 5 in Dodging
  1765 | D:3      | Noticed Ijyb
  1766 | D:3      | 1766 ||| FLEEEEING.
  1767 | D:3      | 1767 ||| FLEEEEING.
  1768 | D:3      | 1768 ||| FLEEEEING.
  1769 | D:3      | 1769 ||| FLEEEEING.
  1770 | D:3      | 1770 ||| FLEEEEING.
  1771 | D:3      | 1771 ||| FLEEEEING.
  1772 | D:3      | 1772 ||| FLEEEEING.
  1773 | D:3      | 1773 ||| FLEEEEING.
  1774 | D:3      | 1774 ||| FLEEEEING.
  1775 | D:3      | 1775 ||| FLEEEEING.
  1776 | D:3      | 1776 ||| FLEEEEING.
  1777 | D:3      | 1777 ||| FLEEEEING.
  1778 | D:3      | 1778 ||| FLEEEEING.
  1779 | D:3      | 1779 ||| FLEEEEING.
  1780 | D:3      | 1780 ||| FLEEEEING.
  1781 | D:3      | 1781 ||| FLEEEEING.
  1782 | D:3      | 1782 ||| FLEEEEING.
  1783 | D:3      | 1783 ||| FLEEEEING.
  1784 | D:3      | 1784 ||| FLEEEEING.
  1785 | D:3      | 1785 ||| FLEEEEING.
  1786 | D:3      | 1786 ||| FLEEEEING.
  1787 | D:3      | 1787 ||| FLEEEEING.
  1788 | D:3      | 1788 ||| FLEEEEING.
  1789 | D:3      | 1789 ||| FLEEEEING.
  1790 | D:3      | 1790 ||| FLEEEEING.
  1791 | D:3      | 1791 ||| FLEEEEING.
  1792 | D:3      | 1792 ||| FLEEEEING.
  1793 | D:3      | 1793 ||| FLEEEEING.
  1794 | D:3      | 1794 ||| FLEEEEING.
  1795 | D:3      | 1795 ||| FLEEEEING.
  1796 | D:3      | 1796 ||| FLEEEEING.
  1797 | D:3      | 1797 ||| FLEEEEING.
  1798 | D:3      | 1798 ||| FLEEEEING.
  1802 | D:3      | Killed Ijyb
  1803 | D:3      | Reached XP level 5. HP: 26/26 MP: 6/6
  1978 | D:3      | Noticed Natasha
  2004 | D:3      | Killed Natasha
  2030 | D:3      | Reached skill level 6 in Ranged Weapons
  2123 | D:3      | 2123 ||| UPGRADING to amulet of reflection.
  2128 | D:3      | 2128 ||| READING scroll labelled RITHRIR ZUIVUEN.
  2130 | D:3      | Noticed Natasha
  2133 | D:3      | Killed Natasha
  2173 | D:4      | Found Rueshraann's General Store.
  2211 | D:4      | Noticed an ogre
  2212 | D:4      | 2212 ||| DRINKING potion of haste.
  2217 | D:4      | Killed an ogre
  2218 | D:4      | Reached skill level 6 in Dodging
  2218 | D:4      | Reached XP level 6. HP: 30/30 MP: 7/7
  2328 | D:4      | Found a burning altar of Makhleb.
  2328 | D:4      | Found a snail-covered altar of Cheibriados.
  2629 | D:4      | Found Woebof's Assorted Antiques.
  2634 | D:4      | 2634 ||| BUYING scroll labelled MOIDIYFA FUNK (29 gold).
  2634 | D:4      | Bought a scroll labelled MOIDIYFA FUNK for 29 gold pieces
  2634 | D:4      | 2634 ||| BUYING scroll of identify (58 gold).
  2634 | D:4      | Bought a scroll of identify for 58 gold pieces
  2704 | D:4      | Found Dutaoxt's Weapon Boutique.
  2726 | D:4      | 2726 ||| SHOPLISTING +1 heavy shortbow (161 gold, have
                  | 135).
  2726 | D:4      | 2726 ||| SHOPLISTING +1 orcbow of Impatience {heavy, Str+2}
                  | (292 gold, have 135).
  3053 | D:4      | 3053 ||| READING 2 scrolls of identify.
  3053 | D:4      | 3053 ||| IDENTIFYING bubbling coppery potion
  3054 | D:4      | 3054 ||| READING scroll of identify.
  3054 | D:4      | 3054 ||| IDENTIFYING blue potion
  3055 | D:4      | 3055 ||| READING scroll labelled MOIDIYFA FUNK.
  3056 | D:4      | 3056 ||| READING 2 scrolls labelled GOELOU CAYRAI.
  3056 | D:4      | 3056 ||| ENCHANTING +1 shortbow of electrocution.
  3057 | D:4      | 3057 ||| READING scroll labelled ACLUIC SAPRYNK.
  3058 | D:4      | 3058 ||| READING scroll labelled EZXOARPH ONEGAH.
  3063 | D:4      | 3063 ||| DROPPING potion of degeneration.
  3067 | D:5      | Entered Level 5 of the Dungeon
  3107 | D:5      | 3107 ||| FLEEEEING.
  3354 | D:5      | Noticed an ice beast
  3357 | D:5      | Killed an ice beast
  3358 | D:5      | Reached XP level 7. HP: 35/35 MP: 8/8
  3450 | D:5      | 3450 ||| FLEEEEING.
  3451 | D:5      | 3451 ||| FLEEEEING.
  3452 | D:5      | 3452 ||| FLEEEEING.
  3454 | D:5      | 3454 ||| FLEEEEING.
  3457 | D:5      | 3457 ||| FLEEEEING.
  3459 | D:5      | 3459 ||| FLEEEEING.
  3460 | D:5      | 3460 ||| FLEEEEING.
  3461 | D:5      | 3461 ||| FLEEEEING.
  3464 | D:5      | 3464 ||| FLEEEEING.
  3542 | D:5      | Reached skill level 7 in Dodging
  3605 | D:5      | Noticed Eustachio
  3610 | D:5      | 3610 ||| FLEEEEING.
  3611 | D:5      | 3611 ||| FLEEEEING.
  3612 | D:5      | 3612 ||| FLEEEEING.
  3613 | D:5      | 3613 ||| FLEEEEING.
  3614 | D:5      | 3614 ||| FLEEEEING.
  3616 | D:5      | 3616 ||| STAIRDANCE
  3631 | D:4      | 3631 ||| READING scroll of identify.
  3631 | D:4      | 3631 ||| IDENTIFYING pink potion
  3634 | D:5      | 3634 ||| RETREEEEATING.
  3636 | D:5      | 3636 ||| RETREEEEATING.
  3637 | D:5      | 3637 ||| RETREEEEATING.
  3642 | D:5      | 3642 ||| RETREEEEATING.
  3643 | D:5      | 3643 ||| RETREEEEATING.
  3644 | D:5      | 3644 ||| RETREEEEATING.
  3647 | D:5      | 3647 ||| RETREEEEATING.
  3648 | D:5      | 3648 ||| RETREEEEATING.
  3665 | D:5      | Killed Eustachio
  4255 | D:5      | 4255 ||| READING 3 scrolls of identify.
  4255 | D:5      | 4255 ||| IDENTIFYING coppery potion
  4293 | D:6      | 4293 ||| PLANNING SEWER
  4319 | D:6      | Reached skill level 3 in Fighting
  4319 | D:6      | Reached XP level 8. HP: 40/40 MP: 9/9
  4393 | D:6      | 4393 ||| SWAPPING to +0 orcbow.
  4394 | D:6      | 4394 ||| DROPPING +1 shortbow of electrocution.
  4435 | D:6      | Reached skill level 8 in Dodging
  4461 | D:6      | Found a glowing drain.
  4462 | D:6      | 4462 ||| UPGRADING to +1 robe of willpower.
  4472 | D:6      | 4472 ||| DROPPING +1 animal skin.
  4484 | Sewer    | Entered a sewer
  4532 | Sewer    | 4532 ||| READING scroll of brand weapon.
  4532 | Sewer    | 4532 ||| BRANDING +0 orcbow.
  4546 | Sewer    | 4546 ||| DROPPING scarf of invisibility.
  4547 | Sewer    | 4547 ||| READING 4 scrolls of identify.
  4547 | Sewer    | 4547 ||| IDENTIFYING black potion
  4548 | Sewer    | 4548 ||| READING 3 scrolls of identify.
  4548 | Sewer    | 4548 ||| IDENTIFYING scroll labelled JAMPEMP KIOM
  4549 | Sewer    | 4549 ||| DROPPING scroll of torment.
  4550 | Sewer    | 4550 ||| DROPPING potion of brilliance.
  4563 | D:6      | 4563 ||| PLANNING D:1-11
  4632 | D:6      | Noticed Pikel
  4633 | D:6      | 4633 ||| RETREEEEATING.
  4639 | D:6      | 4639 ||| RETREEEEATING.
  4641 | D:6      | 4641 ||| DRINKING potion of haste.
  4648 | D:6      | Killed Pikel
  4705 | D:6      | Found a hazy altar of Hepliaklqana.
  4708 | D:6      | Found a shimmering altar of Xom.
  4745 | D:6      | Found a basalt altar of Yredelemnul.
  4758 | D:6      | Found a hide-covered altar of Uskayaw.
  4773 | D:6      | Reached XP level 9. HP: 36/44 MP: 10/10
  4815 | D:6      | Found a staircase to the Ecumenical Temple.
  4816 | D:6      | 4816 ||| PLANNING TEMPLE
  5114 | D:6      | Reached skill level 9 in Dodging
  5322 | D:6      | Found Kaenninu's Serpentskin Sales.
  5323 | D:6      | 5323 ||| RETREEEEATING.
  5327 | D:6      | 5327 ||| RETREEEEATING.
  5328 | D:6      | 5328 ||| RETREEEEATING.
  5336 | D:6      | HP: 11/44 [adder (1)]
  5337 | D:6      | 5337 ||| READING scroll of teleportation.
  5338 | D:6      | 5338 ||| DRINKING potion of heal wounds.
  5453 | D:6      | 5453 ||| BUYING +0 cloak of poison resistance (102 gold).
  5453 | D:6      | Bought a +0 cloak of poison resistance for 102 gold pieces
  5453 | D:6      | 5453 ||| SHOPLISTING +0 swamp dragon scales (600 gold, have
                  | 177).
  5458 | D:6      | 5458 ||| UPGRADING to +0 cloak of poison resistance.
  5463 | D:6      | 5463 ||| READING scroll of enchant armour.
  5463 | D:6      | 5463 ||| ENCHANTING +0 cloak of poison resistance.
  5464 | D:6      | 5464 ||| UPGRADING to ring of willpower.
  5465 | D:6      | 5465 ||| READING 4 scrolls of identify.
  5465 | D:6      | 5465 ||| IDENTIFYING sedimented grey potion
  5466 | D:6      | 5466 ||| READING 3 scrolls of identify.
  5466 | D:6      | 5466 ||| IDENTIFYING scroll labelled WANNUFYALU
  5467 | D:6      | 5467 ||| DROPPING scroll of fog.
  5554 | D:7      | Reached skill level 10 in Dodging
  5565 | D:7      | 5565 ||| RETREEEEATING.
  5776 | D:7      | 5776 ||| READING scroll of brand weapon.
  5776 | D:7      | 5776 ||| BRANDING +0 orcbow of freezing.
  6084 | D:7      | Reached skill level 11 in Dodging
  6195 | Temple   | Entered the Ecumenical Temple
  6196 | Temple   | 6196 ||| PLANNING OKAWARU WORSHIP
  6219 | Temple   | Became a worshipper of Warmaster Okawaru
  6220 | Temple   | 6220 ||| PLANNING D:1-11
  6400 | D:8      | 6400 ||| FLEEEEING.
  6401 | D:8      | 6401 ||| FLEEEEING.
  6402 | D:8      | 6402 ||| FLEEEEING.
  6407 | D:8      | 6407 ||| FLEEEEING.
  6408 | D:8      | 6408 ||| FLEEEEING.
  6409 | D:8      | 6409 ||| FLEEEEING.
  6410 | D:8      | 6410 ||| FLEEEEING.
  6411 | D:8      | 6411 ||| FLEEEEING.
  6412 | D:8      | 6412 ||| FLEEEEING.
  6413 | D:8      | 6413 ||| FLEEEEING.
  6414 | D:8      | 6414 ||| FLEEEEING.
  6418 | D:8      | 6418 ||| FLEEEEING.
  6419 | D:8      | 6419 ||| FLEEEEING.
  6421 | D:8      | 6421 ||| FLEEEEING.
  6422 | D:8      | 6422 ||| FLEEEEING.
  6423 | D:8      | 6423 ||| FLEEEEING.
  6424 | D:8      | 6424 ||| FLEEEEING.
  6425 | D:8      | 6425 ||| FLEEEEING.
  6426 | D:8      | 6426 ||| FLEEEEING.
  6430 | D:8      | 6430 ||| FLEEEEING.
  6431 | D:8      | 6431 ||| FLEEEEING.
  6747 | D:8      | Found a large runed translucent door.
  6748 | D:8      | Found a large runed translucent door.
  6750 | D:8      | Noticed qw's ghost (novice DjHu)
  6807 | D:8      | Found a radiant altar of Vehumet.
  6878 | D:8      | 6878 ||| READING 3 scrolls of identify.
  6878 | D:8      | 6878 ||| IDENTIFYING lumpy green potion
  6879 | D:8      | 6879 ||| DROPPING potion of attraction.
  6997 | D:9      | Reached * piety under Okawaru
  6998 | D:9      | Reached skill level 12 in Dodging
  6998 | D:9      | Reached XP level 10. HP: 50/50 MP: 11/11
  7012 | D:9      | Reached skill level 1 in Invocations
  7044 | D:9      | Noticed Grum
  7045 | D:9      | 7045 ||| RETREEEEATING.
  7046 | D:9      | 7046 ||| INVOKING Heroism.
  7066 | D:9      | Killed Grum
  7189 | D:9      | Reached skill level 3 in Invocations
  7234 | D:9      | Noticed Maggie
  7235 | D:9      | 7235 ||| INVOKING Heroism.
  7241 | D:9      | Killed Maggie
  7253 | D:9      | Noticed Psyche
  7256 | D:9      | Killed Psyche
  7347 | D:9      | Reached ** piety under Okawaru
  7355 | D:9      | Reached skill level 12 in Ranged Weapons
  7435 | D:9      | 7435 ||| Stepping ~*~*~tactically~*~*~ (cloud).
  7544 | D:9      | 7544 ||| SWAPPING to +0 arbalest.
  7545 | D:9      | 7545 ||| DROPPING +0 orcbow of draining.
  7564 | D:9      | Found Ynuaqa's Antique Armour Emporium.
  7569 | D:9      | 7569 ||| BUYING glowing cloak (150 gold).
  7569 | D:9      | Bought a glowing cloak for 150 gold pieces
  7569 | D:9      | 7569 ||| BUYING shimmering robe (114 gold).
  7569 | D:9      | Bought a shimmering robe for 114 gold pieces
  7569 | D:9      | Identified the +1 robe of a volcano {Str+3} (You bought it
                  | in a shop on level 9 of the Dungeon)
  7624 | D:9      | Noticed Erica
  7625 | D:9      | 7625 ||| INVOKING Heroism.
  7628 | D:9      | Killed Erica
  7742 | D:9      | 7742 ||| UPGRADING to +0 steam dragon scales.
  7752 | D:9      | 7752 ||| DROPPING +1 robe of willpower.
  7753 | D:9      | 7753 ||| DROPPING +1 robe of a volcano {Str+3}.
  7754 | D:9      | 7754 ||| READING 3 scrolls of identify.
  7754 | D:9      | 7754 ||| IDENTIFYING scroll labelled ERCHOO PEIRIVUI
  7755 | D:9      | 7755 ||| DROPPING scroll of blinking.
  7774 | D:10     | Entered Level 10 of the Dungeon
  7838 | D:10     | Reached skill level 1 in Armour
  7838 | D:10     | 7838 ||| RETREEEEATING.
  7839 | D:10     | 7839 ||| INVOKING Heroism.
  7852 | D:10     | 7852 ||| INVOKING Heroism.
  7862 | D:10     | Reached skill level 13 in Dodging
  7862 | D:10     | Reached XP level 11. HP: 56/56 MP: 15/15
  8102 | D:10     | Reached *** piety under Okawaru
  8204 | D:10     | 8204 ||| INVOKING Heroism.
  8210 | D:10     | HP: 7/56 [ice statue] (11)]
  8211 | D:10     | 8211 ||| READING scroll of teleportation.
  8211 | D:10     | Engulfed by an ice statue's freezing vapour

Levels and vault maps discovered:
D:1:      onia_arrival_mini_spirals, layout_basic,
          shapermc_ecumenical_altar_totnotflames, dk_noncrumbling_3,
          minmay_indecisive_spiral
D:2:      layout_basic, minmay_box_of_dots, uniq_terence, uniq_robin
D:3:      layout_loops_ring, uniq_ijyb, uniq_natasha
D:4:      layout_gridville, nicolae_overflow_two_pavilions, serial_shops,
          nicolae_shop_rolling_square, nicolae_shop_rolling_square, shop
D:5:      layout_layer_cave, nicolae_letterblocks [nicolae_letter_subblock,
          nicolae_letter_subblock, nicolae_letter_subblock,
          nicolae_letter_subblock, nicolae_letter_subblock,
          nicolae_letter_subblock, nicolae_letter_subblock,
          nicolae_letter_subblock, nicolae_letter_subblock,
          nicolae_letter_subblock, nicolae_letter_subblock,
          nicolae_letter_subblock, nicolae_letter_subblock,
          nicolae_letter_subblock, nicolae_letter_subblock,
          nicolae_letter_subblock, nicolae_letter_subblock,
          nicolae_letter_subblock, nicolae_letter_subblock,
          nicolae_letter_subblock, nicolae_letter_subblock,
          nicolae_letter_subblock, nicolae_letter_subblock,
          nicolae_letter_subblock, nicolae_letter_subblock], uniq_eustachio
D:6:      layout_basic, grunt_temple_overflow_cloverleaf,
          minmay_temple_entry_from_below_a, cheibrodos_sewer_entry_drain,
          guppyfry_shop_venom, uniq_pikel
D:7:      layout_basic
D:8:      layout_basic, vehumet_crystals, ebering_ghost_disaster_area,
          kennysheep_generic_room_16
D:9:      layout_basic, serial_shops, shop_fountains, uniq_grum, uniq_psyche,
          uniq_maggie, uniq_erica
D:10:     layout_cave_pools, serial_park, serial_park_avenue1,
          serial_park_square1 [serial_park_minivault_5x5_6], serial_park_square1
          [serial_park_minivault_5x5_6], hangedman_decor_opposing,
          minmay_statue_bubble
Temple:   eino_wide_crystal_templ

Skill      XL: |  1  2  3  4  5  6  7  8  9 10 |
---------------+-------------------------------+-----
Dodging        | 3 4 5 6 7 8 12 13 | 13.1
Ranged Weapons | 5 6 7 8 10 11 12 | 12.1
Fighting       | 2 3 4 5 |  5.6
Invocations    | 4 |  4.0
Armour         | 1 |  1.0
Stealth        | |  1.5

Action                     |  1- 3 |  4- 6 |  7- 9 | 10-12 || total
---------------------------+-------+-------+-------+-------++-------
   Fire: Shortbow          |    78 |   148 |    74 |       ||   300
         Orcbow            |       |       |   256 |   144 ||   400
         Arbalest          |       |       |       |    71 ||    71
 Invoke: Heroism           |       |       |       |     6 ||     6
    Use: Scroll            |     7 |     7 |    11 |     2 ||    27
         Potion            |       |     2 |     2 |       ||     4
 Armour: Robe              |     6 |     2 |    36 |     8 ||    52
         Animal skin       |       |    14 |     6 |       ||    20
         Steam dragon scal |       |       |       |     9 ||     9
  Dodge: Dodged            |    27 |    54 |   159 |   115 ||   355
  Block: Other             |       |     4 |    33 |    19 ||    56
         Reflection        |       |     1 |     2 |     3 ||     6

Table legend:
 A = Non-vault XP
 B = Vault XP
 C = Vault XP percentage of total XP
 D = Non-vault monster count
 E = Vault monster count
 F = Vault count percentage of total count
                 A         B        C        D         E       F
            +---------+---------+-------+---------+---------+-------
      Total |    7805 |    3573 |  31.4 |     176 |      44 |  20.0
            +---------+---------+-------+---------+---------+-------
        D:1 |       6 |       7 |  53.8 |       5 |       4 |  44.4
        D:2 |      52 |      85 |  62.0 |      21 |      14 |  40.0
        D:3 |     126 |      72 |  36.4 |      22 |       2 |   8.3
        D:4 |     260 |       0 |   0.0 |      10 |       0 |   0.0
        D:5 |     568 |     197 |  25.8 |      12 |       1 |   7.7
        D:6 |     894 |     968 |  52.0 |      16 |       8 |  33.3
        D:7 |    1138 |       0 |   0.0 |      22 |       0 |   0.0
        D:8 |     843 |       3 |   0.4 |      12 |       1 |   7.7
        D:9 |    2248 |    2191 |  49.4 |      38 |       8 |  17.4
       D:10 |    1670 |       0 |   0.0 |      18 |       0 |   0.0
      Sewer |       0 |      50 | 100.0 |       0 |       6 | 100.0
            +---------+---------+-------+---------+---------+-------
